 Dungeon Crawl Stone Soup version 0.31-a0-408-gb642c7f9a3 (webtiles) character file.

Game seed: 4951079287481670925

53 shadowstone the Covered (level 3, -5/28 HPs)
             Began as a Gnoll Wanderer on July 29, 2023.
             Was a Follower of Nemelex Xobeh.
             Slain by an iguana (7 damage)
             ... on level 3 of the Dungeon.
             The game lasted 00:05:05 (1419 turns).

shadowstone the Covered (Gnoll Wanderer)            Turns: 1419, Time: 00:05:05

Health: -5/28      AC: 13    Str: 12    XL:     3   Next: 89%
Magic:  7/7        EV: 11    Int: 13    God:    Nemelex Xobeh [*.....]
Gold:   24         SH:  0    Dex: 10    Spells: 6/7 levels left

rFire   . . .        a - +0 club
rCold   . . .        o - orb {guile}
rNeg    . . .        l - +0 chain mail
rPois   .            (no helmet)
rElec   .            f - +2 cloak
rCorr   .            (no gloves)
SInv    .            (no boots)
Will    .....        (no amulet) Stlth
                     s - +5 ring of evasion
HPRegen 0.24/turn    (no ring)
MPRegen 0.10/turn

%: no passive effects
@: no status effects
A: fangs 1, strong nose, distributed training
a: Renounce Religion, Draw Escape, Draw Destruction, Draw Summoning


You were on level 3 of the Dungeon.
You worshipped Nemelex Xobeh.
Nemelex Xobeh was aware of your devotion.
You visited 1 branch of the dungeon, and saw 3 of its levels.

You collected 24 gold pieces.

Inventory:

Hand Weapons
 a - a +0 club (weapon)
Missiles
 n - 7 poisoned darts
Armour
 b - a +0 ring mail
 f - a +2 cloak (worn)
 h - a +0 robe
 l - a +0 chain mail (worn)
 o - an orb of guile (worn)
Jewellery
 s - a +5 ring of evasion (left hand)
 t - a ring of willpower
Talismans
 j - a beast talisman
Wands
 d - a wand of flame (15)
Scrolls
 g - 2 scrolls of fog {unknown}
 k - a scroll of enchant armour {unknown}
 p - a scroll of identify {unknown}
 q - 2 scrolls of fear {unknown}
 r - a scroll of blinking {unknown}
Potions
 c - a potion of curing
 e - a potion of lignification {unknown}
 i - a potion of haste {unknown}
 m - a potion of cancellation {unknown}


   Skills:
 + Level 2.7 Fighting
 + Level 1.0 Short Blades
 + Level 1.0 Long Blades
 + Level 1.0 Axes
 + Level 1.0 Maces & Flails
 + Level 1.0 Polearms
 + Level 1.0 Staves
 + Level 1.0 Ranged Weapons
 + Level 1.0 Throwing
 + Level 6.5 Armour
 + Level 1.0 Dodging
 + Level 2.5 Stealth
 + Level 1.0 Shields
 + Level 1.0 Unarmed Combat
 + Level 2.9 Spellcasting
 + Level 0.7 Conjurations
 + Level 0.7 Hexes
 + Level 0.7 Summonings
 + Level 0.7 Necromancy
 + Level 0.7 Translocations
 + Level 0.7 Transmutations
 + Level 2.2 Fire Magic
 + Level 0.7 Ice Magic
 + Level 0.7 Air Magic
 + Level 0.7 Earth Magic
 + Level 0.7 Poison Magic
 + Level 2.7 Invocations
 + Level 4.6 Evocations
 + Level 0.7 Shapeshifting


You had 6 spell levels left.
You knew the following spells:

 Your Spells              Type           Power      Damage    Failure   Level
a - Foxfire               Conj/Fire      20%        2x1d5     92%         1

Your spell library contained the following spells:

 Spells                   Type           Power      Damage    Failure   Level
 Inner Flame              Hex/Fire       5%         N/A       100%        3


Dungeon Overview and Level Annotations

Branches:
Dungeon (3/15)

Altars:
Nemelex Xobeh


Innate Abilities, Weirdness & Mutations

You have very sharp teeth.
Your uncanny sense of smell can sniff out nearby items.
Your experience applies equally to all skills.


Message History

The bat hits you but does no damage. The iguana barely misses you.
You barely miss the iguana.
The iguana is severely wounded.
The bat hits you but does no damage. The iguana bites you!
The iguana misses you.
You barely miss the iguana.
The iguana is severely wounded.
The bat barely misses you. The iguana misses you. The bat closely misses you.
You hit the iguana but do no damage.
The iguana is severely wounded.
The bat hits you but does no damage. The bat closely misses you.
The iguana barely misses you.
You hit the iguana but do no damage.
The iguana is severely wounded.
The bat hits you but does no damage. The iguana closely misses you.
The iguana barely misses you. The bat closely misses you.
You hit the iguana but do no damage.
The iguana is severely wounded.
The bat misses you. The bat barely misses you.
The iguana bites you but does no damage.
You hit the iguana but do no damage.
The iguana is severely wounded.
The bat completely misses you. The iguana bites you.
You hit the iguana but do no damage.
The iguana is severely wounded.
The bat hits you but does no damage.
The iguana bites you but does no damage.
You hit the iguana but do no damage. Your bite misses the iguana.
The iguana is severely wounded.
The bat hits you but does no damage. The iguana bites you.
The iguana bites you!
* * * LOW HITPOINT WARNING * * *
You barely miss the iguana.
The iguana is severely wounded.
The bat hits you but does no damage. The iguana barely misses you.
You hit the iguana but do no damage.
The iguana is severely wounded.
The bat closely misses you. The iguana bites you!
You die...
Your body glows slightly and disappears.

#.#.######## ###..##
#..........# #.[.##
##..........# ####.###
............# #....#
............# #.####
.....###########.#######
.....# #..........
...#.# #..........
####.# #..@.......
...... #...l.......
##..... #....b.......
...... #..#..........
....<.# #.##..........
#......# #. #..........
. #.....(....
#..........


You could see an iguana and a bat.

Vanquished Creatures
  2 adders
  3 worms
  3 endoplasms
  A giant cockroach (D:1)
  3 goblins
  A hobgoblin (D:1)
  3 kobolds (D:1)
  2 ball pythons (D:3)
  A bat (D:3)
  4 frilled lizards
  7 rats
30 creatures vanquished.

Notes
Turn   | Place    | Note
-------+----------+-------------------------------------------
     0 | D:1      | shadowstone the Gnoll Wanderer began the quest for the Orb.
     0 | D:1      | shadowstone set off with the following items: a +0 club, a
                  | +0 ring mail, a potion of curing, a wand of flame (15); and
                  | the following spell memorised: Foxfire; and the following
                  | spells available to memorise: Inner Flame.
     0 | D:1      | Reached XP level 1. HP: 17/17 MP: 4/4
    90 | D:1      | Reached XP level 2. HP: 23/23 MP: 5/5
   507 | D:2      | Found a faded altar of an unknown god.
   557 | D:2      | Reached XP level 3. HP: 28/28 MP: 7/7
   570 | D:2      | Prayed at the altar of an unknown god.
   570 | D:2      | Became a worshipper of Nemelex Xobeh the Trickster
   570 | D:2      | Reached * piety under Nemelex Xobeh
   897 | D:2      | Received a gift from Nemelex Xobeh
  1248 | D:3      | Reached skill level 1 in Short Blades
  1248 | D:3      | Reached skill level 1 in Long Blades
  1248 | D:3      | Reached skill level 1 in Axes
  1248 | D:3      | Reached skill level 1 in Maces & Flails
  1248 | D:3      | Reached skill level 1 in Polearms
  1248 | D:3      | Reached skill level 1 in Staves
  1248 | D:3      | Reached skill level 1 in Ranged Weapons
  1248 | D:3      | Reached skill level 1 in Throwing
  1248 | D:3      | Reached skill level 1 in Dodging
  1248 | D:3      | Reached skill level 1 in Shields
  1248 | D:3      | Reached skill level 1 in Unarmed Combat
  1417 | D:3      | HP: 1/28 [iguana (8)]
  1419 | D:3      | Slain by an iguana

Illustrated notes

Levels and vault maps discovered:
D:1:      dpeg_arrival_ratfight, layout_basic, minmay_misc_feat_four_crosses
D:2:      layout_basic, hellmonk_ecumenical_altar_zigzags
D:3:      layout_basic, chequers_serial_rivers_small_b

Skill      XL: |  1  2  3 |
---------------+----------+-----
Fire Magic     | 2 |  2.2
Short Blades   | 1 |  1.0
Long Blades    | 1 |  1.0
Axes           | 1 |  1.0
Maces & Flails | 1 |  1.0
Polearms       | 1 |  1.0
Staves         | 1 |  1.0
Ranged Weapons | 1 |  1.0
Throwing       | 1 |  1.0
Dodging        | 1 |  1.0
Shields        | 1 |  1.0
Unarmed Combat | 1 |  1.0
Fighting       | |  2.7
Armour         | |  6.5
Stealth        | |  2.5
Spellcasting   | |  2.9
Conjurations   | |  0.7
Hexes          | |  0.7
Summonings     | |  0.7
Necromancy     | |  0.7
Translocations | |  0.7
Transmutations | |  0.7
Ice Magic      | |  0.7
Air Magic      | |  0.7
Earth Magic    | |  0.7
Poison Magic   | |  0.7
Invocations    | |  2.7
Evocations     | |  4.6
Shapeshifting  | |  0.7

Action                     || total
---------------------------++-------
  Melee: Club              ||   148
         Bite              ||    16
         Punch             ||     1
 Armour: Ring mail         ||    22
         Chain mail        ||    94
         Robe              ||     2
  Dodge: Dodged            ||   121
   Form: Beast             ||     1
                           ||     1

Table legend: (Time is in decaauts)
 A = Elapsed time spent in this place.
 B = Non-inter-level travel time spent in this place.
 C = Inter-level travel time spent in this place.
 D = Time resting spent in this place.
 E = Time spent auto-exploring this place.
 F = Levels seen in this place.
 G = Mean time per level.
                   A        B        C        D        E       F      G
               +--------+--------+--------+--------+--------+-----+--------+
         Total |   1457 |   1438 |     19 |    354 |     32 |   3 |  485.7 |
       Dungeon |   1457 |   1438 |     19 |    354 |     32 |   3 |  485.7 |
               +--------+--------+--------+--------+--------+-----+--------+

Top non-repeatable levels by time:
     D:2: 801 daAuts
     D:1: 408 daAuts
     D:3: 247 daAuts
